 Dungeon Sprint DCSS version 0.18-a0-1157-g59db91b (console) character file.

47 sorlin the Basher (level 3, -4/58 HPs)
             Began as an Ogre Berserker on Jan 23, 2016.
             Was a Priest of Trog.
             Slain by a water elemental (21 damage)
             ... in the Dungeon (Sprint III: "The Ten Rune Challenge").
             The game lasted 00:01:00 (399 turns).

sorlin the Basher (Ogre Berserker)                   Turns: 399, Time: 00:01:00

Health: -4/58      AC:  3    Str: 27    XL:     3   Next: 70%
Magic:  3/3        EV: 10    Int:  6    God:    Trog [***...]
Gold:   35         SH:  0    Dex: 10    Spells: 0 memorised, 2 levels left

rFire  . . .     SeeInvis .     a - +0 mace
rCold  . . .     Gourm    .     b - +0 animal skin
rNeg   . . .     Faith    .     (no shield)
rPois  .         Spirit   .     (helmet restricted)
rElec  .         Dismiss  .     (no cloak)
rCorr  .         Reflect  .     (gloves unavailable)
SustAt .         Harm     .     (boots unavailable)
MR     .....     NoTele   +     (no amulet)
Stlth  ..........               (no ring)
                                (no ring)

@: berserking, engulfed (cannot breathe), very quick, not resistant to hostile
enchantments, extremely unstealthy
A: unfitting armour, tough skin 1
a: Berserk, Trog's Hand, Burn Spellbooks, Renounce Religion


You were in the Dungeon.
You worshipped Trog.
Trog was most pleased with you.
You were not hungry.

You visited 1 branch You collected 35 gold pieces.

Inventory:

Hand Weapons
 a - a +0 mace (weapon)
Armour
 b - a +0 animal skin (worn)
Scrolls
 i - a scroll of blinking
 l - a scroll of torment {unknown}
 m - 2 scrolls of identify {unknown}
 n - 3 scrolls of remove curse
 q - a scroll of immolation {unknown}
Potions
 d - 4 potions of curing
 e - a potion of heal wounds
 f - 2 potions of haste
 g - 2 potions of magic
 h - a potion of berserk rage
 j - a potion of brilliance {unknown}
 k - 2 potions of mutation {unknown}
 p - a potion of flight {unknown}
Comestibles
 c - 2 bread rations
 o - a meat ration


   Skills:
 + Level 4.0 Fighting
 + Level 9.9 Maces & Flails
 - Level 2.6 Dodging


You had 2 spell levels left.
You didn't know any spells.

Dungeon Overview and Level Annotations

Branches:
Dungeon (1/1)

Altars:


Innate Abilities, Weirdness & Mutations

You are too large for most types of armour.
You have tough skin (AC +1).


Message History

You completely miss the water elemental.
The water elemental is moderately damaged.
Your lungs strain for air!
You hit the water elemental.
The water elemental is heavily damaged.
Your lungs strain for air!
The water elemental hits you.
You hit the water elemental.
The water elemental is heavily damaged.
Your lungs strain for air!
You sock the water elemental!
The water elemental is almost destroyed.
Your lungs strain for air!
The water elemental closely misses you.
You closely miss the water elemental.
The water elemental is almost destroyed.
* * * LOW HITPOINT WARNING * * *
Your lungs strain for air!
The water elemental hits you!!
You die...

▓▓▓▓▓▓▓▓▓▓▓ ▓▓▓
<.#..'....♣♣♣ ♣.#
..#..#......♣ ♣.#
#'####.....♣♣ ♣.#
.....#....≈♣♣♣♣♣.###+#+#
.....#...≈≈♣♣..♣.#......
.....#..≈≈≈≈..♣.@E.⌠....
####'#..≈≈≈≈≈≈...#...###
.....#.≈≈≈≈≈≈....# ⌠.#
.....#.≈≈≈≈≈.....# .#
.....#.≈≈≈.......# #
'#####...........#
.................#
▓▓▓▓▓▓▓▓▓▓▓▓▓▓▓▓▓▓


You could see a water elemental.

Vanquished Creatures
  A wolf (D)
  A human (D)
  An ooze (D)
  3 rats (D)
6 creatures vanquished.

Vanquished Creatures (others)
  A draconian scorcher (D)
  A yaktaur (D)
2 creatures vanquished.

Grand Total: 8 creatures vanquished

Notes
Turn   | Place    | Note
--------------------------------------------------------------
     0 | D        | sorlin the Ogre Berserker began the quest for the Orb.
     0 | D        | Reached XP level 1. HP: 24/24 MP: 1/1
     7 | D        | Reached skill level 5 in Maces & Flails
     8 | D        | Reached ** piety under Trog
     8 | D        | Reached skill level 6 in Maces & Flails
    93 | D        | Reached XP level 2. HP: 26/32 MP: 2/2
   111 | D        | Noticed a wolf
   126 | D        | Killed a wolf
   126 | D        | Reached skill level 8 in Maces & Flails
   126 | D        | Reached XP level 3. HP: 15/39 MP: 3/3
   130 | D        | Reached *** piety under Trog
   130 | D        | Reached skill level 9 in Maces & Flails
   132 | D        | Killed a yaktaur
   242 | D        | Killed a white draconian scorcher
   391 | D        | Noticed a water elemental
   399 | D        | Slain by a water elemental

Vault maps used:
D:        dungeon_sprint_mu

Action                   || total
-------------------------++-------
Melee: Mace              ||    28
Invok: Berserk           ||     2
